BLB
LOS ANGELES DINOS @ PHILADELPHIA FREEDOM
07/31/2059
 
TOP OF THE 1ST
Los Angeles Dinos batting - Pitching for Philadelphia Freedom : RHP Noel Matthews
Pitching: RHP Noel Matthews
Batting: RHB Efren Zamora 0-0: Fly out, F8 (Flyball, 8RD, EV 101.2 MPH)
Batting: LHB Tris Chikumbu 0-0: Ball
1-0: Called Strike
1-1: Ground out U3 (Groundball, 3, EV 108.8 MPH)
Batting: LHB Sage Emerson 0-0: Ball
1-0: Ball
2-0: Ball
3-0: Base on Balls
Batting: RHB Andy Dillon 0-0: Called Strike
0-1: Ball
1-1: Ball
2-1: Swinging Strike
2-2: Ball
3-2: Base on Balls
Sage Emerson to second
Batting: LHB Elmer Nelson 0-0: Ball
1-0: Ball
2-0: SINGLE (Line Drive, 8LS, EV 96.9 MPH)
Sage Emerson to third
Andy Dillon to second
Batting: LHB Shawn Hickey 0-0: Ball
1-0: Called Strike
1-1: Ball
2-1: Ball
3-1: Fielders Choice at 2nd, 6-4 (Groundball, 6, EV 88.8 MPH)
Top of the 1st over - 0 runs, 1 hit, 0 errors, 3 left on base; Los Angeles 0 - Philadelphia 0
BOTTOM OF THE 1ST
Philadelphia Freedom batting - Pitching for Los Angeles Dinos : RHP Evan Browning
Pitching: RHP Evan Browning
Batting: RHB James Goebel 0-0: Ball
1-0: Foul Ball, location: 2F
1-1: Ball
2-1: Fly out, F8 (Flyball, 78S, EV 79.4 MPH)
Batting: RHB Phillip Cox 0-0: Called Strike
0-1: Ground out 4-3 (Groundball, 4S, EV 75.6 MPH)
Batting: LHB Rob Morris 0-0: Called Strike
0-1: Foul Ball, location: 2F
0-2: Ground out 4-3 (Groundball, 34, EV 88.1 MPH)
Bottom of the 1st over - 0 runs, 0 hits, 0 errors, 0 left on base; Los Angeles 0 - Philadelphia 0
TOP OF THE 2ND
Los Angeles Dinos batting - Pitching for Philadelphia Freedom : RHP Noel Matthews
Batting: SHB Martavious Visser 0-0: Ball
1-0: DOUBLE (Flyball, 89XD, EV 103.1 MPH)
Batting: RHB Wyatt Steinauer 0-0: Fly out, F3 (Popup, 34, EV 83.1 MPH)
Batting: RHB Corby Maish 0-0: Called Strike
0-1: Swinging Strike
0-2: Strikes out looking
Batting: RHB Efren Zamora 0-0: Ball
1-0: Ball
2-0: Ball
3-0: Called Strike
3-1: TRIPLE (Line Drive, 9LD, EV 102.5 MPH)
Martavious Visser scores
Batting: LHB Tris Chikumbu 0-0: Swinging Strike
0-1: Ball
1-1: Called Strike
1-2: Strikes out swinging
Top of the 2nd over - 1 run, 2 hits, 0 errors, 1 left on base; Los Angeles 1 - Philadelphia 0
BOTTOM OF THE 2ND
Philadelphia Freedom batting - Pitching for Los Angeles Dinos : RHP Evan Browning
Batting: RHB Mitch Marcinkowski 0-0: Called Strike
0-1: Ball
1-1: Fly out, F7 (Flyball, 78S, EV 76.2 MPH)
Batting: RHB Isaiah Thomas 0-0: Ball
1-0: Ball
2-0: Ball
3-0: Called Strike
3-1: SINGLE (Groundball, 25, EV 73.8 MPH) (infield hit)
Batting: LHB Marlon Johnson 0-0: Ball
Isaiah Thomas steals 2nd base (no throw)
1-0: Foul Ball, location: 2F
1-1: SINGLE (Groundball, 34D, EV 96.9 MPH)
Isaiah Thomas to third
Runner from 3rd tries for Home, SAFE, throw by RF to home
Marlon Johnson to second
Batting: RHB Burgess Nalivkin 0-0: Ball
1-0: Ball
2-0: Ball
3-0: Called Strike
3-1: SINGLE (Groundball, 56D, EV 96.9 MPH)
Marlon Johnson to third
Batting: RHB Art Swor 0-0: Called Strike
0-1: Fly out, F8 (Line Drive, 8LM, EV 87.5 MPH)
Runner from 3rd tags up, SCORES, throw by CF
Batting: RHB Garret Connors 0-0: Ball
1-0: Ball
2-0: Fielders Choice at 2nd, 6-4 (Groundball, 6, EV 91.9 MPH)
Bottom of the 2nd over - 2 runs, 3 hits, 0 errors, 1 left on base; Los Angeles 1 - Philadelphia 2
TOP OF THE 3RD
Los Angeles Dinos batting - Pitching for Philadelphia Freedom : RHP Noel Matthews
Batting: LHB Sage Emerson 0-0: Ball
1-0: Ball
2-0: Called Strike
2-1: Foul Ball, location: 2F
2-2: Foul Ball, location: 2F
2-2: Strikes out swinging
Batting: RHB Andy Dillon 0-0: Ball
1-0: Ball
2-0: Ball
3-0: Called Strike
3-1: Base on Balls
Batting: LHB Elmer Nelson 0-0: Fly out, F7 (Flyball, 7, EV 85.0 MPH)
Batting: LHB Shawn Hickey 0-0: Called Strike
0-1: Foul Ball, location: 2F
0-2: Fielders Choice at 2nd, 6-4 (Groundball, 6, EV 86.2 MPH)
Top of the 3rd over - 0 runs, 0 hits, 0 errors, 1 left on base; Los Angeles 1 - Philadelphia 2
BOTTOM OF THE 3RD
Philadelphia Freedom batting - Pitching for Los Angeles Dinos : RHP Evan Browning
Batting: RHB James Goebel 0-0: SINGLE (Groundball, 34D, EV 107.5 MPH)
Batting: RHB Phillip Cox 0-0: Ball
1-0: Called Strike
1-1: Ball
2-1: Foul Ball, location: 2F
2-2: Strikes out looking
Batting: LHB Rob Morris 0-0: Ball
James Goebel steals 2nd base
1-0: Ball
2-0: Fly out, F7 (Flyball, 7, EV 97.5 MPH)
Batting: RHB Mitch Marcinkowski 0-0: Ball
1-0: Called Strike
1-1: DOUBLE (Flyball, 8RXD, EV 97.5 MPH)
James Goebel scores
Batting: RHB Isaiah Thomas 0-0: Ground out 5-3 (Groundball, 5S, EV 70.0 MPH)
Bottom of the 3rd over - 1 run, 2 hits, 0 errors, 1 left on base; Los Angeles 1 - Philadelphia 3
TOP OF THE 4TH
Los Angeles Dinos batting - Pitching for Philadelphia Freedom : RHP Noel Matthews
Batting: SHB Martavious Visser 0-0: Foul Ball, location: 2F
0-1: Swinging Strike
0-2: Ball
1-2: Ball
2-2: Strikes out swinging
Batting: RHB Wyatt Steinauer 0-0: Ball
1-0: Ball
2-0: Ball
3-0: Called Strike
3-1: Fly out, F7 (Flyball, 7D, EV 90.6 MPH)
Batting: RHB Corby Maish 0-0: Called Strike
0-1: Ball
1-1: Ball
2-1: Swinging Strike
2-2: Foul Ball, location: 2F
2-2: Strikes out swinging
Top of the 4th over - 0 runs, 0 hits, 0 errors, 0 left on base; Los Angeles 1 - Philadelphia 3
BOTTOM OF THE 4TH
Philadelphia Freedom batting - Pitching for Los Angeles Dinos : RHP Evan Browning
Batting: LHB Marlon Johnson 0-0: Foul Ball, location: 2F
0-1: Ball
1-1: Ball
2-1: Foul Ball, location: 2F
2-2: Ground out 4-3 (Groundball, 34D, EV 77.5 MPH)
Batting: RHB Burgess Nalivkin 0-0: Foul Ball, location: 2F
0-1: Ball
1-1: Foul Ball, location: 2F
1-2: Foul Ball, location: 2F
1-2: Foul Ball, location: 2F
1-2: Ground out 2-3 (Groundball, 2R, EV 66.9 MPH)
Batting: RHB Art Swor 0-0: Foul Ball, location: 2F
0-1: Ball
1-1: SINGLE (Line Drive, 34, EV 96.9 MPH)
Batting: RHB Garret Connors 0-0: Ball
1-0: SINGLE (Line Drive, 4MD, EV 95.0 MPH)
Art Swor to second
Runner from 2nd tries for 3rd, SAFE, throw by CF made to third
Batting: RHB James Goebel 0-0: Ball
1-0: Foul Ball, location: 2F
1-1: Foul Ball, location: 2F
1-2: Strikes out swinging
Bottom of the 4th over - 0 runs, 2 hits, 0 errors, 2 left on base; Los Angeles 1 - Philadelphia 3
TOP OF THE 5TH
Los Angeles Dinos batting - Pitching for Philadelphia Freedom : RHP Noel Matthews
Batting: RHB Efren Zamora 0-0: Called Strike
0-1: Called Strike
0-2: Strikes out looking
Batting: LHB Tris Chikumbu 0-0: Called Strike
0-1: Ball
1-1: Ball
2-1: Ball
3-1: Foul Ball, location: 2F
3-2: Foul Ball, location: 2F
3-2: Foul Ball, location: 2F
3-2: Fly out, F9 (Flyball, 9D, EV 106.9 MPH)
Batting: LHB Sage Emerson 0-0: Foul Ball, location: 2F
0-1: Fly out, F7 (Flyball, 7D, EV 101.9 MPH)
Top of the 5th over - 0 runs, 0 hits, 0 errors, 0 left on base; Los Angeles 1 - Philadelphia 3
BOTTOM OF THE 5TH
Philadelphia Freedom batting - Pitching for Los Angeles Dinos : RHP Evan Browning
Batting: RHB Phillip Cox 0-0: Called Strike
0-1: Foul Ball, location: 2F
0-2: Ball
1-2: Ball
2-2: Fly out, F3 (Popup, 3S, EV 88.8 MPH)
Batting: LHB Rob Morris 0-0: Swinging Strike
0-1: Ball
1-1: Ball
2-1: Ball
3-1: SINGLE (Groundball, 34D, EV 101.2 MPH)
Batting: RHB Mitch Marcinkowski 0-0: Ball
1-0: Ball
2-0: Called Strike
2-1: Foul Ball, location: 2F
2-2: Grounds into double play, 5-4-3 (Groundball, 56, EV 81.2 MPH)
Bottom of the 5th over - 0 runs, 1 hit, 0 errors, 0 left on base; Los Angeles 1 - Philadelphia 3
TOP OF THE 6TH
Los Angeles Dinos batting - Pitching for Philadelphia Freedom : RHP Noel Matthews
Batting: RHB Andy Dillon 0-0: Foul Ball, location: 2F
0-1: Fly out, F7 (Flyball, 78D, EV 98.1 MPH)
Batting: LHB Elmer Nelson 0-0: Called Strike
0-1: Swinging Strike
0-2: Strikes out swinging
Batting: LHB Shawn Hickey 0-0: Foul Ball, location: 2F
0-1: Foul Ball, location: 2F
0-2: Strikes out swinging
Top of the 6th over - 0 runs, 0 hits, 0 errors, 0 left on base; Los Angeles 1 - Philadelphia 3
BOTTOM OF THE 6TH
Philadelphia Freedom batting - Pitching for Los Angeles Dinos : RHP Evan Browning
Pitching: LHP Saxby Lucas
Batting: RHB Isaiah Thomas 0-0: Called Strike
0-1: Ball
1-1: Ball
2-1: Foul Ball, location: 2F
2-2: Ball
3-2: Foul Ball, location: 2F
3-2: SINGLE (Line Drive, 7S, EV 95.6 MPH)
Batting: LHB Marlon Johnson 0-0: Called Strike
0-1: Swinging Strike
0-2: Ball
1-2: Strikes out swinging
Batting: RHB Burgess Nalivkin 0-0: Ball
1-0: Ball
2-0: Ball
3-0: Called Strike
3-1: Called Strike
3-2: Foul Ball, location: 2F
3-2: Strikes out swinging
Isaiah Thomas steals 2nd base
Batter strikes out.
Batting: RHB Art Swor 0-0: Called Strike
0-1: Foul Ball, location: 2F
0-2: Foul Ball, location: 2F
0-2: Ball
1-2: Strikes out swinging
Bottom of the 6th over - 0 runs, 1 hit, 0 errors, 1 left on base; Los Angeles 1 - Philadelphia 3
TOP OF THE 7TH
Los Angeles Dinos batting - Pitching for Philadelphia Freedom : RHP Noel Matthews
Batting: SHB Martavious Visser 0-0: Called Strike
0-1: Ball
1-1: DOUBLE (Line Drive, 9LS, EV 100.0 MPH)
Batting: RHB Wyatt Steinauer 0-0: Swinging Strike
0-1: Foul Ball, location: 2F
0-2: Ball
1-2: Ball
2-2: Ball
3-2: Foul Ball, location: 2F
3-2: Base on Balls
Batting: RHB Corby Maish 0-0: Bunt - Flyout to 2R! F2
Batting: RHB Efren Zamora 0-0: Called Strike
0-1: Ball
1-1: Called Strike
1-2: Ball
Passed Ball!
Martavious Visser to third
Wyatt Steinauer to second
2-2: Ball
3-2: Ground out 6-3 (Groundball, 6, EV 90.0 MPH)
Martavious Visser scores
Pitching: RHP Rich Thomas
Batting: LHB Tris Chikumbu 0-0: Ball
1-0: Called Strike
1-1: Ball
2-1: Foul Ball, location: 2F
2-2: Ball
3-2: Fly out, F8 (Flyball, 8LM, EV 89.4 MPH)
Top of the 7th over - 1 run, 1 hit, 0 errors, 1 left on base; Los Angeles 2 - Philadelphia 3
BOTTOM OF THE 7TH
Philadelphia Freedom batting - Pitching for Los Angeles Dinos : LHP Saxby Lucas
Batting: RHB Garret Connors 0-0: Ball
1-0: Ball
2-0: Called Strike
2-1: Ground out 1-3 (Groundball, 13, EV 66.9 MPH)
Batting: RHB James Goebel 0-0: Ball
1-0: Called Strike
1-1: Ball
2-1: Foul Ball, location: 2F
2-2: Foul Ball, location: 2F
2-2: Ball
3-2: Foul Ball, location: 2F
3-2: Foul Ball, location: 2F
3-2: Ground out 4-3 (Groundball, 4, EV 105.0 MPH)
Batting: RHB Phillip Cox 0-0: Swinging Strike
0-1: Ball
1-1: Ground out 4-3 (Groundball, 4M, EV 80.0 MPH)
Bottom of the 7th over - 0 runs, 0 hits, 0 errors, 0 left on base; Los Angeles 2 - Philadelphia 3
TOP OF THE 8TH
Los Angeles Dinos batting - Pitching for Philadelphia Freedom : RHP Rich Thomas
Batting: LHB Sage Emerson 0-0: Ball
1-0: Called Strike
1-1: Ground out 5-3 (Groundball, 25, EV 78.8 MPH)
Batting: RHB Andy Dillon 0-0: Called Strike
0-1: Called Strike
0-2: Ball
1-2: Ball
2-2: Fly out, F9 (Flyball, 89S, EV 83.8 MPH)
Batting: LHB Elmer Nelson 0-0: Foul Ball, location: 2F
0-1: Ground out 2-3 (Groundball, 2L, EV 71.9 MPH)
Top of the 8th over - 0 runs, 0 hits, 0 errors, 0 left on base; Los Angeles 2 - Philadelphia 3
BOTTOM OF THE 8TH
Philadelphia Freedom batting - Pitching for Los Angeles Dinos : LHP Saxby Lucas
Batting: LHB Rob Morris 0-0: Ball
1-0: Swinging Strike
1-1: Foul Ball, location: 2F
1-2: Ground out 4-3 (Groundball, 4, EV 79.4 MPH)
Now at 2B: Corby Maish
Now at SS: Vance Thompson
Batting: RHB Mitch Marcinkowski 0-0: Ball
1-0: Called Strike
1-1: Foul Ball, location: 2F
1-2: Fly out, F8 (Flyball, 8RS, EV 75.6 MPH)
Batting: RHB Isaiah Thomas 0-0: Foul Ball, location: 2F
0-1: Ball
1-1: SOLO HOME RUN (Flyball, 78XD, EV 110.6 MPH), Distance : 434 ft
Batting: LHB Marlon Johnson 0-0: Ball
1-0: Called Strike
1-1: Foul Ball, location: 2F
1-2: Ground out 1-3 (Groundball, 15S, EV 71.2 MPH)
Bottom of the 8th over - 1 run, 1 hit, 0 errors, 0 left on base; Los Angeles 2 - Philadelphia 4
TOP OF THE 9TH
Los Angeles Dinos batting - Pitching for Philadelphia Freedom : RHP Rich Thomas
Pitching: LHP Keegan Groves
Batting: LHB Shawn Hickey 0-0: Ground out 6-3 (Groundball, 56, EV 82.5 MPH)
Batting: RHB Vance Thompson 0-0: Called Strike
0-1: Ball
1-1: Ball
2-1: Foul Ball, location: 2F
2-2: DOUBLE (Flyball, 8LXD, EV 96.9 MPH)
Batting: RHB Wyatt Steinauer 0-0: Ball
1-0: Called Strike
1-1: Called Strike
1-2: Foul Ball, location: 2F
1-2: Strikes out swinging
Batting: RHB Corby Maish 0-0: Ball
1-0: Ground out 4-3 (Groundball, 4, EV 87.5 MPH)
Top of the 9th over - 0 runs, 1 hit, 0 errors, 1 left on base; Los Angeles 2 - Philadelphia 4
Tuesday, March 19th , 2024 - OOTP Baseball 23.10 Build 110